 Dungeon Crawl Stone Soup version 0.29.1-1-gd02db6906a (webtiles) character file.

Game seed: 8963425335699676376

6168 sleeves the Martial Artist (level 11, -2/67 HPs)
             Began as a Djinni Transmuter on Sept 26, 2022.
             Was an Initiate of Wu Jian.
             Slain by a white imp (3 damage)
             ... summoned by a kobold demonologist
             ... on level 9 of the Dungeon.
             The game lasted 00:37:22 (12464 turns).

sleeves the Martial Artist (Djinni Transmuter)     Turns: 12464, Time: 00:37:23

Health: -2/67      AC:  2    Str:  9    XL:     11   Next: 13%
Gold:   332        EV: 20    Int: 19    God:    Wu Jian [......] SH:  0 Dex: 25

rFire   . . .      SeeInvis .     - Unarmed
rCold   . . .      Faith    .   (shield currently unavailable)
rNeg    + . .      Spirit   .   (body armour currently unavailable)
rPois   ∞          Reflect  .   (helmet currently unavailable)
rElec   .          Harm     .   (cloak currently unavailable)
rCorr   .          Rampage  .   (gloves currently unavailable)
Will    +....                   (boots unavailable)
Stlth   ++........              d - amulet of the acrobat
HPRegen 0.21/turn               v - +6 ring of dexterity
MPRegen 0.00/turn               x - ring of positive energy

@: spider-form, flying, studying Short Blades
A: venomous fangs, flying, sickness immunity, tiny, (fire resistance 2), (cold
vulnerability 1), float, innate caster, HP casting, extra vitality 1
a: End Transformation, Renounce Religion


You were on level 9 of the Dungeon.
You worshipped Wu Jian.
Wu Jian was noncommittal.
You were a venomous arachnid creature.
You visited 2 branches of the dungeon, and saw 10 of its levels.

You collected 332 gold pieces.

Inventory:

Hand Weapons
 a - the +8 sling of the Thieving Badger (melded) {venom, rN+ Int+2}
   (You took it off Robin on level 2 of the Dungeon)

   Any ammunition fired from it poisons the flesh of those it strikes.
   Int:       It affects your intelligence (+2).
   rN:        It protects you from negative energy.
Armour
 o - a +2 helmet (melded)
   (You took it off Robin on level 2 of the Dungeon)
 J - +0 steam dragon scales (melded)
   (You found it on level 8 of the Dungeon)
 K - a +0 robe of fire resistance
   (You took it off an orc wizard on level 7 of the Dungeon)
Jewellery
 d - an amulet of the acrobat (around neck)
   (You found it on level 1 of the Dungeon)
 k - a ring of ice
   (You found it on level 3 of the Dungeon)
 v - a +6 ring of dexterity (left front leg)
   (You found it on level 4 of the Dungeon)
 x - a ring of positive energy (right front leg)
   (You found it on level 4 of the Dungeon)
Wands
 b - a wand of flame (26)
   (You took it off Robin on level 2 of the Dungeon)
 c - a wand of paralysis (3)
   (You found it on level 9 of the Dungeon)
 l - a wand of light (8)
   (You found it on level 8 of the Dungeon)
 p - a wand of roots (10)
   (You took it off an orc on level 3 of the Dungeon)
 r - a wand of polymorph (3)
   (You took it off Natasha on level 2 of the Dungeon)
Scrolls
 e - 5 scrolls of identify {unknown}
 f - a scroll of butterflies {unknown}
 g - 2 scrolls of magic mapping {unknown}
 i - a scroll of fear {unknown}
 j - 3 scrolls of immolation {unknown}
 m - 2 scrolls of acquirement {unknown}
 q - 2 scrolls of vulnerability {unknown}
 w - a scroll of amnesia {unknown}
 y - 2 scrolls of enchant armour {unknown}
 A - a scroll of summoning {unknown}
 B - 2 scrolls of enchant weapon {unknown}
 C - a scroll of blinking {unknown}
 I - a scroll of brand weapon {unknown}
Potions
 h - a potion of magic {unknown}
 n - a potion of cancellation {unknown}
 s - 2 potions of attraction {unknown}
 t - 4 potions of brilliance {unknown}
 u - 2 potions of invisibility {unknown}
 z - 2 potions of heal wounds {unknown}
 D - 4 potions of curing
 E - 2 potions of berserk rage {unknown}
 F - 2 potions of degeneration {unknown}
 G - 3 potions of flight {unknown}
 H - a potion of might {unknown}


   Skills:
 - Level 1.0 Fighting
 - Level 2.1 Dodging
 + Level 11.8 Unarmed Combat
 + Level 9.0 Spellcasting


You had 6 spell levels left.
You knew the following spells:

 Your Spells              Type           Power      Damage    Failure   Level
a - Beastly Appendage     Tmut           84%        N/A       2%          1
b - Wereblood             Tmut           42%        N/A       2%          2
c - Spider Form           Tmut/Pois      42%        N/A       4%          3
d - Ice Form              Ice/Tmut       42%        N/A       8%          4
e - Magic Dart            Conj           100%       1d8       2%          1
f - Static Discharge      Conj/Air       42%        3-9/arc   2%          2
g - Poisonous Vapours     Pois/Air       84%        N/A       2%          2
h - Teleport Other        Tloc           42%        N/A       4%          3
i - Fulminant Prism       Conj/Hex       21%        3d13      8%          4
Your spell library was empty.

Dungeon Overview and Level Annotations

Branches:
Dungeon (9/15)             Temple (1/1) D:6
   Lair: D:8-11         Orc: D:9-12

Altars:
Ashenzari
Cheibriados
Dithmenos
Elyvilon
Fedhas
Gozag
Hepliaklqana
Makhleb
Nemelex Xobeh
Okawaru
Qazlal
Ru
Trog
Uskayaw
Wu Jian
Xom
Yredelemnul
Zin
The Shining One

Portals:
Abyss: D:7

Annotations:
D:2 1 runed translucent door, Crazy Yiuf
D:4 Edmund
D:7 2 transporters, Iamsock's ghost, amateur GnWn
D:8 exclusion: door
D:9 Gastronok


Innate Abilities, Weirdness & Mutations

You are a venomous arachnid creature.
You have poisonous fangs.
You are tiny and dextrous.
You are flying.
Your spellcasting is less reliable in this form.
Your armour is entirely melded.
You are incapable of wielding weapons or throwing items.
You are immune to sickness and miasma.
You are immune to poison.
((Your flesh is very heat resistant. (rF++)))
((You are vulnerable to cold. (rC-)))
You float through the air rather than walking.
You learn spells naturally, not from books.
Your magical power is your life essence.
You have superior vitality. (+4 MHP)


Message History

There is an open door here.
There is an open door here.
Found a shortbow.
You reach down and open the door.
As you open the door, it creaks loudly!
There is an open door here.
You reach down and open the door.
There is an open door here.
There is an open door here.
Found a shimmering blue altar of Sif Muna.
There is an open door here.
There is an open door here.
There is an open door here.
There is an open door here.
The hell hog squeals angrily.
The acid dragon roars!
Okay, then.
Casting: Spider Form (safe; 1% risk of failure)
Confirm with . or Enter, or press ? or * to list all spells.
You turn into a venomous arachnid creature.
The +8 sling of the Thieving Badger {venom, rN+ Int+2} melds into your body.
Your +2 helmet melds into your body.
Your +0 robe of fire resistance melds into your body.
The +8 sling of the Thieving Badger {venom, rN+ Int+2} stops dripping with poison.
You feel less resistant to fire.
Your transformation has ended.
The +8 sling of the Thieving Badger {venom, rN+ Int+2} unmelds from your body.
Your +2 helmet unmelds from your body.
Your +0 robe of fire resistance unmelds from your body.
The +8 sling of the Thieving Badger {venom, rN+ Int+2} begins to drip with poison!
You feel resistant to fire.
Unknown command.
Casting: Spider Form (safe; 1% risk of failure)
Confirm with . or Enter, or press ? or * to list all spells.
You turn into a creature of crystalline ice.
The +8 sling of the Thieving Badger {venom, rN+ Int+2} melds into your body.
Your +2 helmet melds into your body.
Your +0 robe of fire resistance melds into your body.
The +8 sling of the Thieving Badger {venom, rN+ Int+2} stops dripping with poison.
You feel less resistant to fire.
You barely miss the acid dragon. You barely miss the acid dragon.
The acid dragon barely misses you.
The acid dragon claws you but does no damage.
You hit the acid dragon. You freeze the acid dragon.
The acid dragon is lightly wounded.
The acid dragon spits acid at you. The splash of acid hits you!
The acid corrodes you!
You barely miss the acid dragon.
The acid dragon is lightly wounded.
The acid dragon bites you.
The acid dragon claws you but does no damage.
You punch the acid dragon! You freeze the acid dragon.
The acid dragon is severely wounded.
The acid dragon spits acid at you. The splash of acid misses you.
You punch the acid dragon! You freeze the acid dragon.
You kill the acid dragon!
Your Unarmed Combat skill increases to level 10!
You start resting.
You are no longer corroded.
You start resting.
Your transformation is almost over.
You warm up again.
The +8 sling of the Thieving Badger {venom, rN+ Int+2} unmelds from your body.
Your +2 helmet unmelds from your body.
Your +0 robe of fire resistance unmelds from your body.
The +8 sling of the Thieving Badger {venom, rN+ Int+2} begins to drip with poison!
You feel resistant to fire.
You start resting.
HP restored.
You see here an acid dragon corpse.
There is an open door here.
There is an open door here.
You see here a +0 club.
You see here a +0 flail.
The orc shouts!
An orc is nearby!
An orc is nearby!
You shoot a sling bullet. The sling bullet hits the orc.
The orc is poisoned.
The orc is almost dead.
You kill the orc!
There is an open door here.
j - 3 scrolls labelled ZAUHUU GEENWO (gained 1)
Things that are here:
a +0 war axe; an orc corpse
There is an open door here.
There is an open door here.
There is an open door here.
There is an open door here.
There is an open door here.
Things that are here:
a +0 robe; a +3 falchion
There is an open door here.
There is an open door here.
There is an open door here.
Key pressed, stopping explore.
You see here a +0 dagger.
You reach down and open the door.
There is an open door here.
You reach down and open the door.
There is an open door here.
You reach down and open the door.
There is an open door here.
You see here a +0 dagger.
You see here a +0 flail.
There is an open door here.
Partly explored, unvisited transporter.
There is an open door here.
There is a stone staircase leading down here.
Unknown command.
Okay, then.
Okay, then.
Okay, then.
Okay, then.
You drop the +4 dagger of Defence by Offence {holy, Str+2}.
You drop a +1 dagger of draining.
You drop a +0 robe.
You start removing your armour.
You continue taking off your +0 robe of fire resistance. x4
You finish taking off your +0 robe of fire resistance.
You feel less resistant to fire.
You start putting on your armour.
You continue putting on your +0 steam dragon scales. x5
You finish putting on your +0 steam dragon scales.
Okay, then.
Unknown command.
Unknown command.
You see here a book of Touch.
You see here a +0 flail.
You see here a +0 club.
A cyclops is nearby!
Fire: a) +8 sling of the Thieving Badger {venom, rN+ Int+2}
Press: ? - help, Q - select action, (/) - cycle Shift-Dir - straight line, f - cyclops
Aim: a cyclops, quivering large rocks (wandering, hasn't noticed you, 88% to hit)
You shoot a sling bullet. The cyclops shouts!
The sling bullet hits the cyclops.
The cyclops looks as sick as possible!
The cyclops is lightly wounded.
The cyclops throws a large rock.
The large rock completely misses you.
Fire: a) +8 sling of the Thieving Badger {venom, rN+ Int+2}
Press: ? - help, Q - select action, (/) - cycle Shift-Dir - straight line, f/p - cyclops
Aim: a cyclops, quivering large rocks (lightly wounded, extremely poisoned, 88% to hit)
You shoot a sling bullet. The sling bullet hits the cyclops!
The cyclops looks as sick as possible!
The cyclops is moderately wounded.
The cyclops throws a large rock.
The large rock hits you!!
You see here a +0 club.
You start resting.
A cyclops is nearby!
Fire: a) +8 sling of the Thieving Badger {venom, rN+ Int+2}
Press: ? - help, Q - select action, (/) - cycle Shift-Dir - straight line, f/p - cyclops
Aim: a cyclops, quivering large rocks (heavily wounded, very poisoned, 88% to hit)
You shoot a sling bullet. The sling bullet hits the cyclops!
The cyclops is severely wounded.
Fire: a) +8 sling of the Thieving Badger {venom, rN+ Int+2}
Press: ? - help, Q - select action, (/) - cycle Shift-Dir - straight line, f/p - cyclops
Aim: a cyclops, quivering large rocks (severely wounded, very poisoned, 88% to hit)
You shoot a sling bullet. The sling bullet hits the cyclops.
The cyclops is almost dead.
Fire: a) +8 sling of the Thieving Badger {venom, rN+ Int+2}
Press: ? - help, Q - select action, (/) - cycle Shift-Dir - straight line, f/p - cyclops
Aim: a cyclops, quivering large rocks (almost dead, very poisoned, 88% to hit)
You shoot a sling bullet.
The sling bullet completely misses the cyclops.
Fire: a) +8 sling of the Thieving Badger {venom, rN+ Int+2}
Press: ? - help, Q - select action, (/) - cycle Shift-Dir - straight line, f/p - cyclops
Aim: a cyclops, quivering large rocks (almost dead, very poisoned, 88% to hit)
You shoot a sling bullet. The sling bullet hits the cyclops!
You kill the cyclops!
You start resting.
You see here a +0 club.
Things that are here:
5 large rocks; a cyclops corpse HP restored.
There is a stone staircase leading down here.
Casting: Ice Form (dangerous; 3% risk of failure)
Confirm with . or Enter, or press ? or * to list all spells.
You turn into a venomous arachnid creature.
The +8 sling of the Thieving Badger {venom, rN+ Int+2} melds into your body.
Your +2 helmet melds into your body.
Your +0 steam dragon scales melds into your body.
The +8 sling of the Thieving Badger {venom, rN+ Int+2} stops dripping with poison.
Unknown command.
You fly downwards.
A howler monkey comes into view.
The two-headed ogre hits you with a +0 giant club.
The two-headed ogre closely misses you.
There is a stone staircase leading up here.
Unknown command.
Okay, then.
Okay, then.
A bullfrog comes into view.
The bullfrog completely misses you.
The two-headed ogre attacks as you move away!
The two-headed ogre misses you. x2
You bite the two-headed ogre!
The two-headed ogre looks as sick as possible!
The two-headed ogre is moderately wounded.
The two-headed ogre attacks as you move away!
The two-headed ogre completely misses you.
The two-headed ogre hits you with a +0 giant spiked club.
The howler monkey howls!
The howler monkey hoots and howls with incredible vigour!
You hear a howl!
You hear an angry growl.
The howler monkey closely misses you.
A howler monkey comes into view.
The howler monkey completely misses you.
The howler monkey hoots and howls with incredible vigour!
You barely miss the howler monkey. You bite the two-headed ogre!
The two-headed ogre looks as sick as possible!
The two-headed ogre is severely wounded.
The howler monkey hoots and howls with incredible vigour!
You hear an angry growl.
You kill the two-headed ogre!
Your Spellcasting skill increases to level 8!
There are no items here.
You hit the howler monkey.
The howler monkey is moderately wounded.
The howler monkey barely misses you.
The howler monkey hoots and howls with incredible vigour!
You bite the howler monkey!
The howler monkey is poisoned.
The howler monkey is heavily wounded.
The howler monkey hits you. x2
You bite the bullfrog!
The bullfrog is poisoned.
The bullfrog is heavily wounded.
The bullfrog completely misses you.
The howler monkey completely misses you.
The howler monkey hits you.
You hit the howler monkey.
The howler monkey is poisoned.
The howler monkey is heavily wounded.
The bullfrog completely misses you. The howler monkey hits you.
The howler monkey misses you.
The howler monkey attacks as you move away!
The howler monkey closely misses you. The bullfrog completely misses you.
The howler monkey hoots and howls with incredible vigour!
The bullfrog hits you.
The howler monkey attacks as you move away!
The howler monkey completely misses you.
Your transformation is almost over.
The howler monkey attacks as you move away!
The howler monkey closely misses you.
You bite the bullfrog!
You kill the bullfrog!
You kill the howler monkey!
The howler monkey completely misses you.
The howler monkey hoots and howls with incredible vigour!
You hear an angry growl.
You see here a bullfrog corpse.
You bite the howler monkey!
You kill the howler monkey!
You start resting.
Your transformation has ended.
The +8 sling of the Thieving Badger {venom, rN+ Int+2} unmelds from your body.
Your +2 helmet unmelds from your body.
Your +0 steam dragon scales unmelds from your body.
The +8 sling of the Thieving Badger {venom, rN+ Int+2} begins to drip with poison!
A black bear comes into view.
You shoot a sling bullet.
The sling bullet closely misses the black bear.
You shoot a sling bullet. The sling bullet hits the black bear!
The black bear is poisoned.
The black bear is moderately wounded.
You shoot a sling bullet. The sling bullet hits the black bear.
The black bear looks as sick as possible!
The black bear is moderately wounded.
You shoot a sling bullet. The sling bullet hits the black bear!
The black bear is almost dead.
You kill the black bear!
HP restored.
You see here a bullfrog corpse.
Found a stone staircase leading down.
z - 2 purple potions (gained 1)
Found 6 poisoned darts.
i - a scroll labelled ZYSCHI MOTZYEPIA
Found a robe.
You see here a +0 robe.
l - a wand of light (8)
Found a stone staircase leading down.
You see here a staff of earth.
Found a stone staircase leading up.
Found 2 glowing puce potions.
There is a stone staircase leading up here.
You fly upwards.
Level annotation: 2 transporters, Iamsock's ghost, amateur GnWn
Found a broken altar of Ashenzari.
There is a stone staircase leading down here.
There is an ornate altar of the Wu Jian Council here.
You hover solemnly before the altar of Wu Jian.
The Council welcomes you!
You can now perform damaging attacks by moving towards foes.
There is a stone staircase leading down here.
You fly downwards.
There is a stone staircase leading up here.
G - 3 glowing puce potions (gained 2)
Found a shimmering altar of Xom.
The statue is a mimic!
The statue mimic giggles and vanishes in a puff of smoke!
The lava is a mimic!
The lava mimic guffaws and vanishes in a puff of smoke!
You now have 319 gold pieces (gained 3).
The lava is a mimic!
The lava mimic guffaws and vanishes in a puff of smoke!
You now have 322 gold pieces (gained 3).
You now have 325 gold pieces (gained 3).
An orc comes into view. It is wielding a +0 short sword.
An orc is nearby!
You shoot a sling bullet. The sling bullet hits the orc!
You kill the orc!
The Council accepts your kill.
An orc comes into view. It is wielding a +0 dagger.
The orc shouts!
You shoot a sling bullet. The sling bullet hits the orc!
You kill the orc!
The Council accepts your kill.
You hear a shout!
An orc comes into view. It is wielding a +0 short sword.
You shoot a sling bullet. The sling bullet hits the orc!
You kill the orc!
The Council accepts your kill.
You hear a shout!
An orc comes into view. It is wielding a +0 club.
You shoot a sling bullet. The sling bullet barely misses the orc.
You shoot a sling bullet. The sling bullet hits the orc.
The orc is poisoned.
The orc is heavily wounded.
You shoot a sling bullet. The sling bullet hits the orc.
You kill the orc!
The Council accepts your kill.
Items here: )) [ †.
You see here a +0 dagger.
Things that are here:
a +0 short sword; a +0 ring mail
Found a stone staircase leading down.
There is a stone staircase leading down here.
g - 2 scrolls labelled HUFAMIY FICRYF (gained 1)
m - 2 scrolls labelled MIETHR QODEMISIO
n - a black potion You see here the Guidebook on the Evil Tesseract.
Found a ring mail.
An orc wizard comes into view.
It is wielding a +1 dagger of electrocution.
An orc wizard is nearby!
You shoot a sling bullet. The sling bullet hits the orc wizard!
The orc wizard shouts!
The orc wizard is heavily wounded.
The orc wizard gestures wildly while chanting.
The orc wizard flickers and vanishes!
Deactivating autopickup; reactivate with Ctrl-A.
Fire: a) +8 sling of the Thieving Badger {venom, rN+ Int+2}
Press: ? - help, Q - select action, (/) - cycle Shift-Dir - straight line You shoot a sling bullet.
The Council accepts your kill.
Reactivating autopickup.
You feel a bit more experienced.
You see here a +0 ring mail.
An ice beast comes into view.
The troll shouts!
Unknown command.
Casting: Spider Form (safe; 1% risk of failure)
Confirm with . or Enter, or press ? or * to list all spells.
You turn into a creature of crystalline ice.
The +8 sling of the Thieving Badger {venom, rN+ Int+2} melds into your body.
Your +2 helmet melds into your body.
Your +0 steam dragon scales melds into your body.
The +8 sling of the Thieving Badger {venom, rN+ Int+2} stops dripping with poison.
You punch the ice beast!
The ice beast is heavily wounded.
The ice beast hits you but does no damage.
You pummel the ice beast!!
You kill the ice beast!
The Council accepts your kill.
HP restored.
Things that are here:
a +1 dagger of electrocution; a +0 robe You now have 332 gold pieces (gained 7).
You reach down and open the door. 2 wyverns come into view.
The wyvern hisses angrily.
You punch the wyvern! You freeze the wyvern.
The wyvern is severely wounded.
The wyvern barely misses you.
You punch the wyvern! You freeze the wyvern.
You kill the wyvern!
The Council accepts your kill.
Your Unarmed Combat skill increases to level 11!
You see here a wyvern corpse.
A wyvern is nearby!
The wyvern hisses angrily.
You pummel the wyvern!! You freeze the wyvern!
You kill the wyvern!
The Council accepts your kill.
There is an open door, spattered with blood here.
You see here a wyvern corpse.
You reach down and open the door.
A centaur comes into view.
You reach down and close the door.
You warm up again.
The +8 sling of the Thieving Badger {venom, rN+ Int+2} unmelds from your body.
Your +2 helmet unmelds from your body.
Your +0 steam dragon scales unmelds from your body.
The +8 sling of the Thieving Badger {venom, rN+ Int+2} begins to drip with poison!
Casting: Ice Form (dangerous; 2% risk of failure)
Confirm with . or Enter, or press ? or * to list all spells.
You turn into a venomous arachnid creature.
The +8 sling of the Thieving Badger {venom, rN+ Int+2} melds into your body.
Your +2 helmet melds into your body.
Your +0 steam dragon scales melds into your body.
The +8 sling of the Thieving Badger {venom, rN+ Int+2} stops dripping with poison.
You reach down and open the door.
There is an open door here.
Your transformation has ended.
The +8 sling of the Thieving Badger {venom, rN+ Int+2} unmelds from your body.
Your +2 helmet unmelds from your body.
Your +0 steam dragon scales unmelds from your body.
The +8 sling of the Thieving Badger {venom, rN+ Int+2} begins to drip with poison!
Casting: Spider Form (safe; 1% risk of failure)
Confirm with . or Enter, or press ? or * to list all spells.
You don't know that spell.
Found a runed scale mail.
Casting: Spider Form (safe; 1% risk of failure)
Confirm with . or Enter, or press ? or * to list all spells.
You turn into a venomous arachnid creature.
The +8 sling of the Thieving Badger {venom, rN+ Int+2} melds into your body.
Your +2 helmet melds into your body.
Your +0 steam dragon scales melds into your body.
The +8 sling of the Thieving Badger {venom, rN+ Int+2} stops dripping with poison.
The ice beast misses you.
Your transformation has ended.
The +8 sling of the Thieving Badger {venom, rN+ Int+2} unmelds from your body.
Your +2 helmet unmelds from your body.
Your +0 steam dragon scales unmelds from your body.
The +8 sling of the Thieving Badger {venom, rN+ Int+2} begins to drip with poison!
The ice beast hits you but does no damage.
Casting: Spider Form (safe; 1% risk of failure)
Confirm with . or Enter, or press ? or * to list all spells.
You turn into a creature of crystalline ice.
The +8 sling of the Thieving Badger {venom, rN+ Int+2} melds into your body.
Your +2 helmet melds into your body.
Your +0 steam dragon scales melds into your body.
The +8 sling of the Thieving Badger {venom, rN+ Int+2} stops dripping with poison.
The ice beast hits you but does no damage.
You punch the ice beast!
The ice beast is heavily wounded.
The ice beast closely misses you.
You punch the ice beast!
You kill the ice beast!
The Council accepts your kill.
You warm up again.
The +8 sling of the Thieving Badger {venom, rN+ Int+2} unmelds from your body.
Your +2 helmet unmelds from your body.
Your +0 steam dragon scales unmelds from your body.
The +8 sling of the Thieving Badger {venom, rN+ Int+2} begins to drip with poison!
Casting: Ice Form (dangerous; 2% risk of failure)
Confirm with . or Enter, or press ? or * to list all spells.
You turn into a venomous arachnid creature.
The +8 sling of the Thieving Badger {venom, rN+ Int+2} melds into your body.
Your +2 helmet melds into your body.
Your +0 steam dragon scales melds into your body.
The +8 sling of the Thieving Badger {venom, rN+ Int+2} stops dripping with poison.
There is an open door here.
You lunge at the centaur.
The helpless centaur fails to defend itself.
You bite the centaur!
The centaur is poisoned.
The centaur is severely wounded.
The centaur closely misses you. The centaur completely misses you.
The centaur misses you. The centaur completely misses you.
You hit the centaur.
You kill the centaur!
The Council accepts your kill.
There is an open door here.
You start resting.
Your transformation is almost over.
HP restored.
Your transformation has ended.
The +8 sling of the Thieving Badger {venom, rN+ Int+2} unmelds from your body.
Your +2 helmet unmelds from your body.
Your +0 steam dragon scales unmelds from your body.
The +8 sling of the Thieving Badger {venom, rN+ Int+2} begins to drip with poison!
There is an open door here.
As you open the door, it creaks loudly!
A wight comes into view. It is wielding a +2 long sword.
Casting: Spider Form (safe; 1% risk of failure)
Confirm with . or Enter, or press ? or * to list all spells.
You don't know that spell.
Casting: Spider Form (safe; 1% risk of failure)
Confirm with . or Enter, or press ? or * to list all spells.
You turn into a creature of crystalline ice.
The +8 sling of the Thieving Badger {venom, rN+ Int+2} melds into your body.
Your +2 helmet melds into your body.
Your +0 steam dragon scales melds into your body.
The +8 sling of the Thieving Badger {venom, rN+ Int+2} stops dripping with poison.
The wight hits you but does no damage.
You hit the wight.
The wight is lightly damaged.
You punch the wight!
The wight is heavily damaged.
The wight hits you with a +2 long sword.
You pummel the wight!!
You destroy the wight!
The Council accepts your kill.
There is an open door here.
You start resting.
A troll is nearby!
You warm up again.
The +8 sling of the Thieving Badger {venom, rN+ Int+2} unmelds from your body.
Your +2 helmet unmelds from your body.
Your +0 steam dragon scales unmelds from your body.
The +8 sling of the Thieving Badger {venom, rN+ Int+2} begins to drip with poison!
Fire: a) +8 sling of the Thieving Badger {venom, rN+ Int+2}
Press: ? - help, Q - select action, (/) - cycle Shift-Dir - straight line, f - troll
Aim: a troll (68% to hit)
You shoot a sling bullet.
The sling bullet completely misses the troll.
Casting: Ice Form (dangerous; 2% risk of failure)
Confirm with . or Enter, or press ? or * to list all spells.
You turn into a venomous arachnid creature.
The +8 sling of the Thieving Badger {venom, rN+ Int+2} melds into your body.
Your +2 helmet melds into your body.
Your +0 steam dragon scales melds into your body.
The +8 sling of the Thieving Badger {venom, rN+ Int+2} stops dripping with poison.
You hit the troll.
The troll is lightly wounded.
The troll bites you! The troll closely misses you. x2
You hit the troll but do no damage.
The troll is poisoned.
The troll bites you!!
* * * LOW HITPOINT WARNING * * *
The troll misses you. The troll barely misses you.
The troll attacks as you move away! The troll barely misses you.
The troll claws you!
* * * LOW HITPOINT WARNING * * *
The troll claws you!
* * * LOW HITPOINT WARNING * * *
There is an open door, spattered with blood here.
You see here a wyvern corpse.
Okay, then.
Okay, then.
As you read the scroll of teleportation, it crumbles to dust.
You feel strangely unstable. The troll closely misses you.
The troll barely misses you. The troll completely misses you.
The troll attacks as you move away! The troll closely misses you.
The troll completely misses you. The troll barely misses you.
Your surroundings suddenly seem different.
You start resting.
Your transformation is almost over.
Your transformation has ended.
The +8 sling of the Thieving Badger {venom, rN+ Int+2} unmelds from your body.
Your +2 helmet unmelds from your body.
Your +0 steam dragon scales unmelds from your body.
The +8 sling of the Thieving Badger {venom, rN+ Int+2} begins to drip with poison!
There is a stone staircase leading up here.
You start resting.
HP restored.
There is a stone staircase leading up here.
Things that are here:
a +0 giant spiked club; a +0 giant club A water moccasin comes into view.
You shoot a sling bullet.
The sling bullet hits the water moccasin.
The water moccasin hisses angrily.
The water moccasin is moderately wounded.
You shoot a sling bullet.
The sling bullet closely misses the water moccasin.
You shoot a sling bullet.
The sling bullet closely misses the water moccasin.
Casting: Spider Form (safe; 1% risk of failure)
Confirm with . or Enter, or press ? or * to list all spells.
You turn into a venomous arachnid creature.
The +8 sling of the Thieving Badger {venom, rN+ Int+2} melds into your body.
Your +2 helmet melds into your body.
Your +0 steam dragon scales melds into your body.
The +8 sling of the Thieving Badger {venom, rN+ Int+2} stops dripping with poison.
The water moccasin closely misses you.
You hit the water moccasin but do no damage.
The water moccasin is lightly wounded.
The water moccasin bites you! The water moccasin closely misses you.
You barely miss the water moccasin.
The water moccasin is lightly wounded.
The water moccasin completely misses you.
Okay, then.
Unknown command.
Casting: Spider Form (dangerous; 4% risk of failure)
Confirm with . or Enter, or press ? or * to list all spells.
Your transformation has ended.
The +8 sling of the Thieving Badger {venom, rN+ Int+2} unmelds from your body.
Your +2 helmet unmelds from your body.
Your +0 steam dragon scales unmelds from your body.
The +8 sling of the Thieving Badger {venom, rN+ Int+2} begins to drip with poison!
You turn into a creature of crystalline ice.
The +8 sling of the Thieving Badger {venom, rN+ Int+2} melds into your body.
Your +2 helmet melds into your body.
Your +0 steam dragon scales melds into your body.
The +8 sling of the Thieving Badger {venom, rN+ Int+2} stops dripping with poison.
The water moccasin barely misses you.
You closely miss the water moccasin.
The water moccasin is lightly wounded.
The water moccasin bites you.
You punch the water moccasin!
The water moccasin seems to slow down.
You freeze the water moccasin.
The water moccasin is heavily wounded.
The water moccasin bites you but does no damage.
You barely miss the water moccasin.
The water moccasin is heavily wounded.
The water moccasin bites you.
You hit the water moccasin but do no damage.
The water moccasin is heavily wounded.
You completely miss the water moccasin.
The water moccasin is heavily wounded.
The water moccasin is no longer moving slowly.
The water moccasin closely misses you.
You hit the water moccasin but do no damage.
The water moccasin is heavily wounded.
The water moccasin bites you but does no damage.
You hit the water moccasin.
The water moccasin seems to slow down.
You freeze the water moccasin.
The water moccasin is severely wounded.
The water moccasin bites you but does no damage.
You closely miss the water moccasin.
The water moccasin is severely wounded.
The water moccasin bites you but does no damage.
You punch the water moccasin!
The water moccasin seems to slow down.
You freeze the water moccasin.
You kill the water moccasin!
The Council accepts your kill.
No target in view!
No target in view!
Your transformation is almost over.
You warm up again.
The +8 sling of the Thieving Badger {venom, rN+ Int+2} unmelds from your body.
Your +2 helmet unmelds from your body.
Your +0 steam dragon scales unmelds from your body.
The +8 sling of the Thieving Badger {venom, rN+ Int+2} begins to drip with poison!
A shadow comes into view.
A shadow is nearby!
A shadow is nearby!
A shadow is nearby!
Fire: a) +8 sling of the Thieving Badger {venom, rN+ Int+2}
Press: ? - help, Q - select action, (/) - cycle Shift-Dir - straight line, f - shadow
Aim: a shadow (wandering, hasn't noticed you, 68% to hit)
You shoot a sling bullet. The sling bullet hits the shadow!
The shadow is heavily damaged.
Fire: a) +8 sling of the Thieving Badger {venom, rN+ Int+2}
Press: ? - help, Q - select action, (/) - cycle Shift-Dir - straight line, f/p - shadow
Aim: a shadow (heavily damaged, 68% to hit)
You shoot a sling bullet.
The sling bullet closely misses the shadow.
The shadow slips into darkness.
The shadow flickers and vanishes!
Deactivating autopickup; reactivate with Ctrl-A.
Casting: Ice Form (dangerous; 2% risk of failure)
Confirm with . or Enter, or press ? or * to list all spells.
You turn into a creature of crystalline ice.
The +8 sling of the Thieving Badger {venom, rN+ Int+2} melds into your body.
Your +2 helmet melds into your body.
Your +0 steam dragon scales melds into your body.
The +8 sling of the Thieving Badger {venom, rN+ Int+2} stops dripping with poison.
No target in view!
You swing at nothing.
You swing at nothing.
You hit something.
The shadow strikes at you from the darkness!
Reactivating autopickup.
You pummel the shadow!!
You destroy the shadow!
The Council accepts your kill.
You swing at nothing.
You start resting.
Your transformation is almost over.
You warm up again.
The +8 sling of the Thieving Badger {venom, rN+ Int+2} unmelds from your body.
Your +2 helmet unmelds from your body.
Your +0 steam dragon scales unmelds from your body.
The +8 sling of the Thieving Badger {venom, rN+ Int+2} begins to drip with poison!
You start resting.
HP restored.
Key pressed, stopping explore.
You see here the Guidebook on the Evil Tesseract.
There is an open door, spattered with blood here.
A troll is nearby!
A troll is nearby!
There is an open door, spattered with blood here.
Things that are here:
a +1 dagger of electrocution; a +0 robe Partly explored, can't reach some items and places.
Partly explored, can't reach some items and places.
Partly explored, can't reach some items and places.
(D) Dungeon (T) Temple
Where to? (Enter - D:7 @ (x,y), ? - help)
A troll is nearby!
Unknown command.
(D) Dungeon (T) Temple
Where to? (Enter - D:9, ? - help)
You see here the Guidebook on the Evil Tesseract.
There is a stone staircase leading down here.
You fly downwards.
Found a stone staircase leading down.
There is a stone staircase leading up here.
You fly upwards.
Level annotation: exclusion: door
There is a stone staircase leading down here.
There is a stone staircase leading down here.
You fly downwards.
There is a stone staircase leading up here.
You fly upwards.
Level annotation: exclusion: door
There is a stone staircase leading down here.
You see here 6 poisoned darts.
You see here a +0 robe.
There is a stone staircase leading down here.
You fly downwards.
There is a stone staircase leading up here.
Fire: a) +8 sling of the Thieving Badger {venom, rN+ Int+2}
Press: ? - help, Q - select action, (/) - cycle Shift-Dir - straight line, f - orc priest
Aim: an orc priest, wielding a +0 dagger (asleep, 98% to hit)
You shoot a sling bullet. The sling bullet hits the orc priest!
The orc priest looks as sick as possible!
The orc priest shouts!
The orc priest is almost dead.
The orc wizard shouts!
You kill the orc priest!
The Council accepts your kill.
Fire: a) +8 sling of the Thieving Badger {venom, rN+ Int+2}
Press: ? - help, Q - select action, (/) - cycle Shift-Dir - straight line, f - orc warrior
Aim: an orc warrior, wielding a +0 halberd and wearing a +0 plate armour (wandering, hasn't noticed you, 68% to hit)
You shoot a sling bullet. The orc warrior shouts!
The sling bullet hits the orc warrior!
The orc warrior is poisoned.
The orc warrior is moderately wounded.
You hear a shout!
An orc wizard comes into view. It is wielding a +0 dagger.
The orc wizard gestures at you while chanting.
The magic dart hits you.
Fire: a) +8 sling of the Thieving Badger {venom, rN+ Int+2}
Press: ? - help, Q - select action, (/) - cycle Shift-Dir - straight line, f/p - orc warrior
Aim: an orc warrior, wielding a +0 halberd and wearing a +0 plate armour (heavily wounded, very poisoned, 68% to hit)
You shoot a sling bullet.
The sling bullet closely misses the orc warrior.
The sling bullet hits the orc wizard!
The orc wizard is poisoned.
The orc wizard is heavily wounded.
Fire: a) +8 sling of the Thieving Badger {venom, rN+ Int+2}
Press: ? - help, Q - select action, (/) - cycle Shift-Dir - straight line, f/p - orc warrior
Aim: an orc warrior, wielding a +0 halberd and wearing a +0 plate armour (heavily wounded, very poisoned, 68% to hit)
You shoot a sling bullet.
The sling bullet barely misses the orc warrior.
The orc warrior hits you from afar with a +0 halberd.
Casting: Ice Form (dangerous; 2% risk of failure)
Confirm with . or Enter, or press ? or * to list all spells.
You turn into a venomous arachnid creature.
The +8 sling of the Thieving Badger {venom, rN+ Int+2} melds into your body.
Your +2 helmet melds into your body.
Your +0 steam dragon scales melds into your body.
The +8 sling of the Thieving Badger {venom, rN+ Int+2} stops dripping with poison.
The orc warrior closely misses you.
You bite the orc wizard!
You kill the orc wizard!
The Council accepts your kill.
Found 6 gold pieces.
You lunge at the orc warrior.
You bite the orc warrior!
The orc warrior is almost dead.
The orc wizard misses you. The orc warrior barely misses you.
Things that are here:
a +0 dagger; a +0 robe You barely miss the orc warrior.
The orc warrior is almost dead.
The orc warrior hits you with a +0 halberd!!
The orc wizard barely misses you.
You hit the orc warrior.
The orc warrior is almost dead.
The orc wizard closely misses you.
The orc warrior hits you with a +0 halberd!!
* * * LOW HITPOINT WARNING * * *
You kill the orc warrior!
The Council accepts your kill.
There is a stone staircase leading up here.
You hit the orc wizard but do no damage.
The orc wizard is poisoned.
The orc wizard misses you.
You bite the orc wizard!
You kill the orc wizard!
The Council accepts your kill.
You fly upwards.
Level annotation: exclusion: door
There is a stone staircase leading down here.
You start resting.
Your transformation is almost over.
Your transformation has ended.
The +8 sling of the Thieving Badger {venom, rN+ Int+2} unmelds from your body.
Your +2 helmet unmelds from your body.
Your +0 steam dragon scales unmelds from your body.
The +8 sling of the Thieving Badger {venom, rN+ Int+2} begins to drip with poison!
You start resting.
HP restored.
Partly explored, can't reach some items and places.
Partly explored, can't reach some items and places.
You fly downwards.
There is a stone staircase leading up here.
Fire: a) +8 sling of the Thieving Badger {venom, rN+ Int+2}
Press: ? - help, Q - select action, (/) - cycle Shift-Dir - straight line, f - two-headed ogre
Aim: a two-headed ogre, wielding a +0 giant club and a +0 giant spiked club (wandering, hasn't noticed you, 80% to hit)
You shoot a sling bullet. The two-headed ogre shouts in stereo!
The sling bullet hits the two-headed ogre!
The two-headed ogre is poisoned.
The two-headed ogre is lightly wounded.
You hear a bellow!
Fire: a) +8 sling of the Thieving Badger {venom, rN+ Int+2}
Press: ? - help, Q - select action, (/) - cycle Shift-Dir - straight line, f/p - two-headed ogre
Aim: a two-headed ogre, wielding a +0 giant club and a +0 giant spiked club (lightly wounded, very poisoned, 80% to hit)
You shoot a sling bullet.
The sling bullet hits the two-headed ogre!
The two-headed ogre looks as sick as possible!
The two-headed ogre is moderately wounded.
Fire: a) +8 sling of the Thieving Badger {venom, rN+ Int+2}
Press: ? - help, Q - select action, (/) - cycle Shift-Dir - straight line, f/p - two-headed ogre
Aim: a two-headed ogre, wielding a +0 giant club and a +0 giant spiked club (moderately wounded, extremely poisoned, 80% to hit)
You shoot a sling bullet.
The sling bullet hits the two-headed ogre!
The two-headed ogre looks as sick as possible!
The two-headed ogre is heavily wounded.
Casting: Spider Form (safe; 1% risk of failure)
Confirm with . or Enter, or press ? or * to list all spells.
You turn into a venomous arachnid creature.
The +8 sling of the Thieving Badger {venom, rN+ Int+2} melds into your body.
Your +2 helmet melds into your body.
Your +0 steam dragon scales melds into your body.
The +8 sling of the Thieving Badger {venom, rN+ Int+2} stops dripping with poison.
The two-headed ogre hits you with a +0 giant club!!
The two-headed ogre hits you with a +0 giant spiked club!
* * * LOW HITPOINT WARNING * * *
A nearby plant withers and dies.
A black bear comes into view.
A nearby plant withers and dies.
Found 8 gold pieces. 2 kobolds come into view.
The kobold shouts!
You hear a bellow!
A yak comes into view. x2
The kobold throws a stone.
The stone completely misses you.
The stone barely misses the black bear.
The black bear attacks as you move away!
The black bear barely misses you. The black bear misses you.
The black bear completely misses you.
A kobold comes into view. It is wielding a +0 dagger.
The kobold hits the plant with a +0 whip.
The plant begins to die.
A nearby fungus withers and dies.
A yak comes into view.
The kobold throws a stone.
The stone hits you.
* * * LOW HITPOINT WARNING * * *
A kobold brigand comes into view.
It is wielding a +0 short sword and quivering poisoned darts.
As you read the scroll of teleportation, it crumbles to dust.
You feel strangely unstable. The black bear misses you.
The black bear claws you.
* * * LOW HITPOINT WARNING * * *
The black bear barely misses you.
You barely miss the kobold.
The kobold shouts!
The kobold brigand shouts!
A nearby plant withers and dies.
You kill the two-headed ogre!
The Council accepts your kill. The black bear completely misses you.
The black bear misses you. The black bear claws you.
* * * LOW HITPOINT WARNING * * *
The kobold barely misses you.
You hear a bellow!
You have reached level 11!
The power to cast Fulminant Prism wells up from within.
Spell assigned to 'i'. 2 yaks come into view.
You lunge at the yak, in a flurry of attacks.
You barely miss the yak.
The yak bellows!
You bite the yak!
The yak looks as sick as possible!
The yak is moderately wounded.
A nearby plant withers and dies.
The yak gores you!
* * * LOW HITPOINT WARNING * * *
A yak comes into view.
The kobold closely misses you. The black bear bites you.
* * * LOW HITPOINT WARNING * * *
The black bear misses you. The black bear barely misses you.
You see here 8 gold pieces.
Unknown command.
The kobold attacks as you move away! The kobold completely misses you.
Your surroundings suddenly seem different.
Found a chain mail and a crooked ivory wand.
You start resting.
The Council accepts your kill.
You feel a bit more experienced.
You start resting.
Your transformation is almost over.
Your transformation has ended.
The +8 sling of the Thieving Badger {venom, rN+ Int+2} unmelds from your body.
Your +2 helmet unmelds from your body.
Your +0 steam dragon scales unmelds from your body.
The +8 sling of the Thieving Badger {venom, rN+ Int+2} begins to drip with poison!
You start resting.
HP restored.
You see here a +0 chain mail.
c - a wand of paralysis (3)
Found a dagger.
Found a mace.
Gastronok the Ponderous comes into view.
He is wearing a +1 hat of stealth.
Press: ? - help, v - describe, . - travel The floor.
A centaur comes into view.
The centaur shouts!
You hear an angry growl.
The centaur wields a +0 shortbow.
The centaur shoots an arrow.
The arrow hits you!
The centaur shoots an arrow.
The arrow hits you.
Casting: Spider Form (safe; 1% risk of failure)
Confirm with . or Enter, or press ? or * to list all spells.
You turn into a venomous arachnid creature.
The +8 sling of the Thieving Badger {venom, rN+ Int+2} melds into your body.
Your +2 helmet melds into your body.
Your +0 steam dragon scales melds into your body.
The +8 sling of the Thieving Badger {venom, rN+ Int+2} stops dripping with poison.
You start resting.
A centaur is nearby!
The centaur shoots an arrow.
The arrow misses you.
You lunge at the centaur.
You bite the centaur!
The centaur is heavily wounded.
The centaur unwields a +0 shortbow.
The centaur hits you. The centaur kicks you.
You bite the centaur!
You kill the centaur!
The Council accepts your kill.
Your Spellcasting skill increases to level 9!
Your transformation has ended.
The +8 sling of the Thieving Badger {venom, rN+ Int+2} unmelds from your body.
Your +2 helmet unmelds from your body.
Your +0 steam dragon scales unmelds from your body.
The +8 sling of the Thieving Badger {venom, rN+ Int+2} begins to drip with poison!
You start resting.
HP restored.
Casting: Spider Form (safe; 1% risk of failure)
Confirm with . or Enter, or press ? or * to list all spells.
You can't see any susceptible monsters within range! (Use Z to cast anyway.)
Things that are here:
a +0 shortbow; a centaur corpse
Casting: Spider Form (safe; 1% risk of failure)
Confirm with . or Enter, or press ? or * to list all spells.
You turn into a venomous arachnid creature.
The +8 sling of the Thieving Badger {venom, rN+ Int+2} melds into your body.
Your +2 helmet melds into your body.
Your +0 steam dragon scales melds into your body.
The +8 sling of the Thieving Badger {venom, rN+ Int+2} stops dripping with poison.
Gastronok gurgles horribly!
Gastronok waves his eye-stalks in wide circles.
The air twists around and strikes you!!
Ouch! That really hurt!
* * * LOW HITPOINT WARNING * * *
A kobold and a kobold demonologist come into view.
The kobold demonologist shouts!
You hear a shout! x2
There are monsters nearby!
Unknown command.
Casting: Spider Form (dangerous; 4% risk of failure)
Confirm with . or Enter, or press ? or * to list all spells.
Aiming: Teleport Other (dangerous; 4% risk of failure)
Press: ? - help, Shift-Dir - straight line, f - kobold demonologist
Aim: a kobold demonologist, wielding a +0 dagger and wearing a +0 robe (chance to affect: 61%)
The kobold demonologist looks slightly unstable.
* * * LOW HITPOINT WARNING * * *
The kobold demonologist gestures wildly while chanting.
The kobold throws a stone.
The stone closely misses you.
The kobold demonologist disappears!
A centaur comes into view.
The white imp gestures at you. The puff of frost misses you.
The kobold throws a stone.
The stone completely misses you.
The centaur shouts!
Casting: Teleport Other (dangerous; 4% risk of failure)
Confirm with . or Enter, or press ? or * to list all spells.
Aiming: Teleport Other (dangerous; 4% risk of failure)
Press: ? - help, Shift-Dir - straight line, f - centaur
Aim: a centaur (chance to affect: 76%)
The centaur barely resists.
* * * LOW HITPOINT WARNING * * *
The centaur wields a +0 shortbow.
The centaur shoots an arrow.
The arrow completely misses you.
The centaur shoots an arrow.
The arrow completely misses you.
The centaur shoots an arrow.
The arrow completely misses you.
The centaur shoots an arrow.
The arrow hits you!
* * * LOW HITPOINT WARNING * * *
You lunge at the centaur.
You bite the centaur!
The centaur is severely wounded.
The centaur unwields a +0 shortbow.
The centaur hits you.
* * * LOW HITPOINT WARNING * * *
The centaur barely misses you. The white imp gestures at you.
The puff of frost hits you!
* * * LOW HITPOINT WARNING * * *
You bite the centaur!
You kill the centaur!
The Council accepts your kill.
The kobold throws a stone.
The stone misses you.
You lunge at the kobold.
You barely miss the kobold. The white imp misses you.
The kobold closely misses you.
You hit the kobold.
You kill the kobold!
The Council accepts your kill. The white imp closely misses you.
You hit the white imp but do no damage.
The white imp is poisoned.
The white imp hits you.
* * * LOW HITPOINT WARNING * * *
The white imp freezes you.
You die...

########## #.. #........#
#.. #........# #..
##########)s5.....# #..
...........)....[.# #..
..................# #..
..................########..
.###++##....................
#....................
#....#####........... #....#
#######..... #....# #.)...


You could see a white imp (summoned, very poisoned).

Vanquished Creatures
  2 two-headed ogres
  A cyclops (D:7)
  A shadow (D:8)
  2 wyverns (D:8)
  A yak (D:9)
  A steam dragon (D:8)
  An acid dragon (D:7)
  A water moccasin (D:8)
  3 orc warriors
  2 black bears
  A sky beast (D:7)
  5 ice beasts
  4 centaurs
  A phantom (D:6)
  A bullfrog (D:8)
  A necrophage (D:3)
  A gnoll sergeant (D:5)
  2 scorpions (D:5)
  10 wights
  10 howler monkeys
  3 hounds
  A gnoll bouda (D:7)
  3 jellies
  4 orc priests
  9 orc wizards
  3 iguanas (D:5)
  Natasha (thrice) (D:2)
  Terence (D:3)
  Robin (D:2)
  12 gnolls
  10 adders
  3 white imps
  3 ufetubi
  4 dart slugs
  28 orcs
  5 endoplasms
  7 giant cockroaches
  15 goblins
  8 hobgoblins
  6 jackals
  7 kobolds
  6 quokkas
  8 ball pythons
  3 bats
  4 frilled lizards
  6 rats
214 creatures vanquished.

Vanquished Creatures (others)
  15 fungi (D:9)
  22 plants (D:9)
37 creatures vanquished.

Grand Total: 251 creatures vanquished

Notes
Turn   | Place    | Note
-------+----------+-------------------------------------------
     0 | D:1      | sleeves the Djinni Transmuter began the quest for the Orb.
     0 | D:1      | sleeves set off with the following spells memorised:
                  | Beastly Appendage, Wereblood, Spider Form, Ice Form.
     0 | D:1      | Reached XP level 1. HP: 17/17 MP: 0/0
   367 | D:1      | Reached XP level 2. HP: 19/22 MP: 0/0
   576 | D:2      | Identified the +4 dagger of Defence by Offence {holy,
                  | Str+2}
   584 | D:2      | HP: 6/22 [worm (8)]
   602 | D:2      | HP: 7/22 [bat (1)]
   607 | D:2      | Reached skill level 2 in Spellcasting
   630 | D:2      | HP: 3/22 [quokka (4)]
   900 | D:2      | sleeves: got netted twice in a row by gnolls
   900 | D:2      | CougarLife: jeez ur gettin unlucky today too
   900 | D:2      | CougarLife: yeah i mean most of the time when i fight
                  | gnolls
   900 | D:2      | CougarLife: its a gamble
   900 | D:2      | sleeves: i didnt wnat to
   900 | D:2      | sleeves: he was around the corner
   900 | D:2      | sleeves: and every down stair was bad
  1040 | D:2      | Reached XP level 3. HP: 26/27 MP: 0/0
  1040 | D:2      | Learned a level 1 spell: Magic Dart
  1227 | D:1      | CougarLife: show dagger
  1234 | D:1      | CougarLife: oh its just str
  1234 | D:1      | CougarLife: ok
  1775 | D:2      | Identified the +8 sling of the Thieving Badger {venom, rN+
                  | Int+2}
  1775 | D:2      | Noticed Robin
  1776 | D:2      | sleeves: +8 slling
  1776 | D:2      | sleeves: yeah
  1776 | D:2      | sleeves: okay BUDDY
  1776 | D:2      | sleeves: calm down
  1776 | D:2      | sleeves: jesus
  1776 | D:2      | sleeves: and its venom
  1823 | D:3      | sleeves: oh yeah no
  1823 | D:3      | sleeves: this guy is also dead
  1872 | D:3      | Noticed Sigmund
  1875 | D:2      | sleeves: yeah no
  1875 | D:2      | sleeves: sigmund d3 with a pack of orc priest
  1875 | D:2      | sleeves: robin d2 with +8 sling of venom
  1994 | D:2      | Reached XP level 4. HP: 32/32 MP: 0/0
  2011 | D:2      | Found a runed translucent door.
  2018 | D:2      | Noticed Crazy Yiuf
  2030 | D:2      | Noticed Natasha
  2045 | D:2      | CougarLife: and natasha lol
  2047 | D:2      | Killed Natasha
  2048 | D:2      | Reached skill level 4 in Unarmed Combat
  2048 | D:2      | sleeves: the classic
  2149 | D:2      | CougarLife: youre lvling uc
  2153 | D:2      | CougarLife: while using a dagger
  2153 | D:2      | sleeves: i know
  2153 | D:2      | CougarLife: ok
  2153 | D:2      | sleeves: its still better
  2153 | D:2      | sleeves: for now
  2153 | D:2      | sleeves: maybe not anymoer tho
  2153 | D:2      | sleeves: just when i found it
  2153 | D:2      | CougarLife: uc on a djinni tho?
  2153 | D:2      | sleeves: i just need a Tm win
  2153 | D:2      | sleeves: ill get spells
  2153 | D:2      | sleeves: hopefully
  2174 | D:2      | sleeves: i think i can take robin
  2222 | D:2      | CougarLife: gl
  2483 | D:2      | Killed Robin
  2484 | D:2      | Reached XP level 5. HP: 37/37 MP: 0/0
  2484 | D:2      | Learned a level 2 spell: Static Discharge
  2591 | D:3      | sleeves: smoked his ass
  2591 | D:3      | sleeves: with a tree
  2682 | D:3      | CougarLife: christ that sling is wild
  2755 | D:3      | Reached skill level 3 in Spellcasting
  2755 | D:3      | CougarLife: why do you have 2 randarts in d3 lol this is a
                  | weird fuckin seed
  2755 | D:3      | sleeves: too bad i have -2 ranged
  2787 | D:3      | CougarLife: yeah rip
  2861 | D:3      | Reached XP level 6. HP: 42/42 MP: 0/0
  2861 | D:3      | CougarLife: also when you say with a tree
  2862 | D:3      | CougarLife: did you lig pot?
  2873 | D:3      | Found an iron altar of Okawaru.
  2890 | D:3      | sleeves: yeah
  2893 | D:3      | CougarLife: how are you hitting them so easily with no
                  | training
  2896 | D:3      | sleeves: +8
  2911 | D:3      | CougarLife: if that was me i would still be missing
  2920 | D:2      | Noticed Natasha
  2924 | D:2      | Killed Natasha
  2925 | D:2      | Reached skill level 5 in Unarmed Combat
  3099 | D:2      | Noticed Natasha
  3100 | D:2      | Killed Natasha
  3146 | D:3      | sleeves: nah it has super high acc
  3146 | D:3      | sleeves: +8 acc is really good
  3285 | D:3      | CougarLife: nice hat
  3285 | D:3      | Noticed Terence
  3286 | D:3      | sleeves: add terence to the list
  3309 | D:3      | Noticed Sigmund
  3309 | D:3      | Sigmund changed into Sigmund the giant cockroach
  3313 | D:3      | Killed Terence
  3315 | D:3      | CougarLife: bro
  3315 | D:3      | Killed Sigmund the giant cockroach
  3316 | D:3      | CougarLife: aint no way
  3316 | D:3      | CougarLife: terance is ez with that sling
  3425 | D:3      | CougarLife: biggest issue is his ac
  3506 | D:3      | CougarLife: and since its +8 its not an issue
  3506 | D:3      | sleeves: honestly maybe i should just level range lol..
  3506 | D:3      | CougarLife: which is why i cant fight terance until i have
                  | stone arrow online
  3527 | D:3      | CougarLife: i think sandblast literally cannot harm him
  3531 | D:4      | CougarLife: its fucked
  3617 | D:4      | Noticed Edmund
  3876 | D:4      | Found a sacrificial altar of Ru.
  3958 | D:4      | Reached XP level 7. HP: 47/47 MP: 0/0
  3958 | D:4      | Learned a level 2 spell: Poisonous Vapours
  4163 | D:4      | Found a sparkling altar of Nemelex Xobeh.
  4203 | D:5      | Entered Level 5 of the Dungeon
  4228 | D:5      | Reached skill level 4 in Spellcasting
  4262 | D:5      | Reached skill level 6 in Unarmed Combat
  4298 | D:5      | HP: 22/47 [gnoll/+0 halberd[a gnoll sergeant] (9)]
  4922 | D:5      | Reached XP level 8. HP: 39/52 MP: 0/0
  5145 | D:5      | Reached skill level 7 in Unarmed Combat
  5145 | D:5      | Reached skill level 5 in Spellcasting
  6419 | D:6      | Found a staircase to the Ecumenical Temple.
  6430 | D:6      | Reached skill level 8 in Unarmed Combat
  6430 | D:6      | Reached XP level 9. HP: 51/57 MP: 0/0
  6430 | D:6      | Learned a level 3 spell: Teleport Other
  6432 | Temple   | Entered the Ecumenical Temple
  6949 | Temple   | sleeves: hmmmm
  7162 | D:7      | HP: 19/57 [orc warrior/+0 scimitar (12)]
  7168 | D:7      | Reached skill level 6 in Spellcasting
  7632 | D:7      | Found an ornate altar of the Wu Jian Council.
  7635 | D:7      | Found a hide-covered altar of Uskayaw.
  7641 | D:7      | Reached skill level 9 in Unarmed Combat
  7688 | D:7      | Found a one-way gate to the infinite horrors of the Abyss.
  7688 | D:7      | Noticed Iamsock's ghost (amateur GnWn)
  7693 | D:7      | Noticed a white ugly thing
  7699 | D:7      | Noticed a cyan ugly thing
  7701 | D:7      | Noticed a hell hog
  7841 | D:7      | Noticed a cyclops
  7860 | D:7      | HP: 28/57 [sky beast (5)]
  8140 | D:7      | HP: 12/57 [acid dragon/splash of acid (35)]
  8146 | D:7      | HP: 1/57 [acid dragon/splash of acid (12)]
  8765 | D:8      | Reached skill level 7 in Spellcasting
  8778 | D:8      | Noticed a two-headed ogre
  9063 | D:7      | Reached XP level 10. HP: 62/62 MP: 0/0
  9521 | D:7      | Found a transporter.
  9523 | D:7      | Found a transporter.
  9783 | D:7      | Reached skill level 10 in Unarmed Combat
 10102 | D:7      | Killed a cyclops
 10207 | D:8      | Killed a two-headed ogre
 10208 | D:8      | Reached skill level 8 in Spellcasting
 10511 | D:7      | Found a broken altar of Ashenzari.
 10519 | D:7      | Became a worshipper of the Wu Jian Council
 10546 | D:8      | Found a shimmering altar of Xom.
 10783 | D:8      | Reached skill level 11 in Unarmed Combat
 10908 | D:8      | HP: 26/62 [troll (19)]
 10909 | D:8      | HP: 4/62 [troll (10)]
 11805 | D:9      | HP: 16/62 [orc warrior/+0 halberd (18)]
 11809 | D:9      | Noticed a two-headed ogre
 12036 | D:9      | HP: 26/62 [two-headed ogre/+0 giant club (13)]
 12052 | D:9      | HP: 28/62 [kobold/stone (1)]
 12054 | D:9      | Killed a two-headed ogre
 12055 | D:9      | Reached XP level 11. HP: 26/67 MP: 0/0
 12055 | D:9      | Learned a level 4 spell: Fulminant Prism
 12318 | D:9      | Noticed Gastronok
 12330 | D:9      | Reached skill level 9 in Spellcasting
 12421 | D:9      | HP: 30/67 [Gastronok/the air (35)]
 12459 | D:9      | HP: 20/67 [centaur/arrow (12)]
 12460 | D:9      | HP: 5/67 [white imp/puff of frost[a kobold demonologist]
                  | (10)]
 12464 | D:9      | HP: 1/67 [white imp[a kobold demonologist] (4)]
 12464 | D:9      | Slain by a white imp

Illustrated notes

Levels and vault maps discovered:
D:1:      enne_arrival_octagon_isle, layout_basic, st_stairs_9
D:2:      layout_basic, uniq_robin, uniq_natasha, uniq_crazy_yiuf_cottage
D:3:      layout_loops_ring, okawaru_ov_weapons_minmay, uniq_sigmund,
          uniq_terence
D:4:      layout_basic, nicolae_ru_sacrificial_ziggurat,
          nemelex_spade_bored_becter, uniq_edmund
D:5:      layout_loops_ring, chequers_serial_rivers_large_a
D:6:      layout_loops_ring, minmay_temple_entry_nine_rooms
D:7:      layout_gridville, nicolae_overflow_hidden_temple,
          gammafunk_ghost_abyssal_escape, enter_bailey_5, minmay_manual_moon
D:8:      minmay_clustersquares, layout_loops_ring, pf_just_have_faith
D:9:      layout_irregular_city, grunt_lair_entry_orc_guard_hut, david_orc_5,
          uniq_maggie, uniq_gastronok
Temple:   eino_temple_water

Skill      XL: |  1  2  3  4  5  6  7  8  9 10 11 |
---------------+----------------------------------+-----
Spellcasting   | 2 3 4 5 7 8 9 |  9.0
Unarmed Combat | 4 5 6 8 9 11 | 11.8
Fighting       | |  1.0
Dodging        | |  2.1

Action                   |  1- 3 |  4- 6 |  7- 9 | 10-12 || total
-------------------------+-------+-------+-------+-------++-------
Melee: Unarmed           |    26 |    50 |   109 |    65 ||   250
       Headbutt          |     9 |    12 |     3 |       ||    24
       Punch             |     1 |     4 |     1 |       ||     6
       Dagger            |    81 |    13 |       |       ||    94
 Fire: Sling             |       |    67 |   159 |    44 ||   270
 Cast: Beastly Appendage |    21 |    10 |     7 |       ||    38
       Magic Dart        |       |     1 |       |       ||     1
       Static Discharge  |       |       |     3 |       ||     3
       Spider Form       |       |       |    14 |    13 ||    27
       Ice Form          |       |       |     3 |     6 ||     9
       Poisonous Vapours |       |       |     1 |       ||     1
       Teleport Other    |       |       |       |     2 ||     2
Invok: Lunge             |       |       |       |     6 ||     6
 Abil: End Transformatio |       |       |     4 |     9 ||    13
Evoke: Wand              |       |     1 |       |       ||     1
  Use: Potion            |       |     1 |       |       ||     1
       Scroll            |       |       |     1 |     2 ||     3
 Stab: Sleeping          |     1 |       |       |     1 ||     2
Armor: Robe              |    13 |     5 |     6 |     1 ||    25
       Skin              |       |     8 |    13 |     9 ||    30
       Steam dragon scal |       |       |       |     1 ||     1
Dodge: Dodged            |    87 |    56 |   135 |    80 ||   358
